AoeStats
← AJ0

Arabia

510872182Analyzed
1v1 RM · 8h ago on Oct 2, 2026· 43m 26s· 2 players
Game mode
Random Map
Map size
Tiny (2 player)
Population
200
Speed
Normal
Resources
Standard
Victory
Conquest
Starting age
Dark Age
Ending age
Imperial Age
RankedLock teamsTeams togetherTeam positionsShared explorationLock speedFull tech treeHidden civsTurbo modeCheats
Victory
Defeat
🇨🇴 Mongols · Colombia
1174
+15
🇲🇽 Saracens · Mexico
1143
-15
b1gFooot
1:59 Loom
12:03 Feudal Age
13:22 Wheelbarrow
12:33 Double-Bit Axe
14:00 Town Watch
16:32 Horse Collar
18:06 Fletching
25:02 Castle Age
23:56 Stone Mining
24:49 Scale Mail Armor
25:02 Gold Mining
25:43 Forging
26:26 Hand Cart
26:53 Bow Saw
26:45 Heavy Plow
29:42 Bodkin Arrow
30:41 Murder Holes
39:22 Elite Skirmisher
AJ0
5:45 Loom
8:48 Feudal Age
9:23 Double-Bit Axe
19:04 Wheelbarrow
21:22 Castle Age
19:05 Horse Collar
19:15 Gold Mining
19:32 Scale Barding Armor
20:05 Scale Barding Armor
20:25 Bloodlines
21:14 Fletching
21:28 Padded Archer Armor
22:46 Bodkin Arrow
23:06 Leather Archer Armor
23:16 Thumb Ring
24:44 Town Watch
27:40 Husbandry
29:07 Ballistics
37:00 Imperial Age
36:59 Light Cavalry
38:37 Parthian Tactics
38:24 Forging
39:19 Chain Barding Armor
40:22 Heavy Cavalry Archer
41:29 Conscription
Connection lost

Rejoining the realm…

Still unreachable

The connection could not be restored.

Session expired

The server has moved on; the page needs a fresh start.